 Dungeon Crawl Stone Soup version 0.30.1-11-g7821555f0a (webtiles) character file.

Game seed: 2662253804568714685

110 Okkudo the Chopper (level 4, -3/40 HPs)
             Began as a Hill Orc Monk on Dec 4, 2023.
             Slain by a gnoll
             ... wielding a +0 flail
              (8 damage)
             ... on level 2 of the Dungeon.
             The game lasted 00:05:06 (1200 turns).

Okkudo the Chopper (Hill Orc Monk)                  Turns: 1200, Time: 00:05:07

Health: -3/40      AC:  9    Str: 15    XL:     4   Next: 91%
Magic:  0/4        EV: 10    Int: 10    God:
Gold:   53         SH:  0    Dex: 13    Spells: 3/3 levels left

rFire   . . .        a - +0 hand axe
rCold   . . .        d - orb {light}
rNeg    . . .        g - +0 scale mail
rPois   .            (no helmet)
rElec   .            k - +2 cloak
rCorr   .            (no gloves)
SInv    .            (no boots)
Will    .....        h - amulet of guardian spirit Stlth
                     (no ring)
HPRegen 0.26/turn    (no ring)
MPRegen 0.09/turn

%: guardian spirit
@: glowing
A: no striking features
a: no special abilities


You were on level 2 of the Dungeon.
You visited 1 branch of the dungeon, and saw 2 of its levels.

You collected 53 gold pieces.

Inventory:

Hand Weapons
 a - a +0 hand axe (weapon)
Missiles
 e - 6 poisoned darts (quivered)
Armour
 d - an orb of light (worn)
 g - a +0 scale mail (worn)
 k - a +2 cloak (worn)
Jewellery
 f - a ring of wizardry
 h - an amulet of guardian spirit (around neck)
 i - a ring of magical power
Scrolls
 b - a scroll of identify {unknown}
 j - a scroll of fear {unknown}
Potions
 c - a potion of ambrosia


   Skills:
 - Level 4.1 Fighting
 * Level 6.5 Axes
 - Level 2.7 Dodging


You had 3 spell levels left.
You didn't know any spells.
Your spell library was empty.

Dungeon Overview and Level Annotations

Branches:
Dungeon (2/15)

Altars:

Shops:
D:1 [[*[=


Message History

a ball python corpse; an adder corpse
There is a large open door here.
You hit the gnoll but do no damage. The gnoll hits you with a +0 flail.
You barely miss the gnoll. The gnoll barely misses you.
The gnoll hits you from afar with a +0 spear.
You hit the gnoll but do no damage. The gnoll misses you.
The gnoll barely misses you.
You hit the gnoll.
The gnoll is lightly wounded.
The gnoll closely misses you. The gnoll hits you but does no damage.
You hit the gnoll.
The gnoll is moderately wounded.
The gnoll barely misses you. The gnoll hits you but does no damage.
You hit the gnoll.
The gnoll is heavily wounded.
The gnoll misses you. The gnoll hits you but does no damage.
You hit the gnoll but do no damage.
The gnoll is heavily wounded.
The gnoll closely misses you. The gnoll barely misses you.
You barely miss the gnoll.
The gnoll is heavily wounded.
The gnoll hits you with a +0 flail. The gnoll barely misses you.
You hit the gnoll but do no damage.
The gnoll is heavily wounded.
The gnoll hits you with a +0 flail. The gnoll hits you but does no damage.
You barely miss the gnoll.
The gnoll is heavily wounded.
The gnoll hits you from afar with a +0 spear.
The gnoll hits you with a +0 flail! The gnoll attacks as you move away!
The gnoll closely misses you.
You open the door. The gnoll hits you with a +0 flail.
* * * LOW HITPOINT WARNING * * *
The gnoll hits you from afar with a +0 spear.
* * * LOW HITPOINT WARNING * * *
There is an open door here.
The gnoll attacks as you move away! The gnoll hits you with a +0 flail.
* * * LOW HITPOINT WARNING * * *
The gnoll attacks as you move away! The gnoll hits you but does no damage.
The gnoll attacks as you move away! The gnoll hits you with a +0 flail!
You die...

####....#######†######.†....#
.#.†..#.#######'## #..#.###
.#.####..........# ...#...
......+..........# .#.######
...####........S.# #.#.#
.......#...####g## # #.#
...###.#...# #.# #.#
...###.#...# #g####.#
.......#...# #.@....#
..####.#...#########.#
....>.... .... ..............
<..#####...# .......'...+
.......#...# .......# ..#
.......# ##


You could see 2 gnolls and a ball python.

Vanquished Creatures
  Jessica (D:2)
  Natasha (D:2)
  A gnoll (D:2)
  An adder (D:2)
  2 dart slugs
  5 ball pythons
  3 endoplasms (D:1)
  3 giant cockroaches
  4 goblins
  A hobgoblin (D:1)
  2 jackals (D:1)
  A kobold (D:2)
  3 quokkas (D:1)
  4 bats
  A frilled lizard (D:2)
  A rat (D:2)
34 creatures vanquished.

Notes
Turn   | Place    | Note
-------+----------+-------------------------------------------
     0 | D:1      | Okkudo the Hill Orc Monk began the quest for the Orb.
     0 | D:1      | Reached XP level 1. HP: 19/19 MP: 1/1
    16 | D:1      | Found Rohuapeq's General Store.
    47 | D:1      | Found Feam's Armour Shop.
    80 | D:1      | Reached XP level 2. HP: 20/27 MP: 2/2
   131 | D:1      | Found Gatimmyj's Antique Armour Shoppe.
   345 | D:1      | Reached XP level 3. HP: 32/33 MP: 3/3
   359 | D:1      | Found Revu's Jewellery Shop.
   413 | D:1      | Found Dycseoqei's Armour Shop.
   741 | D:2      | Noticed Natasha
   759 | D:2      | Killed Natasha
   760 | D:2      | Reached skill level 5 in Axes
   760 | D:2      | Reached XP level 4. HP: 11/40 MP: 1/4
   878 | D:2      | Noticed Jessica
   901 | D:2      | Killed Jessica
   902 | D:2      | Reached skill level 6 in Axes
  1200 | D:2      | Slain by a gnoll

Illustrated notes

Levels and vault maps discovered:
D:1:      psy_arrival_whirlpool, layout_basic, serial_shops, nicolae_shop_trees,
          shop, nicolae_shop_tiny_statue_garden, shop, nicolae_shop_peninsula
D:2:      layout_basic, uniq_natasha, uniq_jessica

Skill      XL: |  1  2  3  4 |
---------------+-------------+-----
Fighting       | 4 |  4.1
Axes           | 5 6 |  6.5
Dodging        | |  2.7

Action                     |  1- 3 |  4- 6 || total
---------------------------+-------+-------++-------
  Melee: Hand axe          |    78 |    48 ||   126
 Armour: Robe              |     2 |       ||     2
         Scale mail        |    21 |    16 ||    37
  Dodge: Dodged            |    57 |    33 ||    90
